 Dungeon Crawl Stone Soup version 0.20.0-8-g6b59dc7 (webtiles) character file.

128 MTVSty1e the Insei (level 5, -14/36 HPs)
             Began as an Octopode Transmuter on May 31, 2017.
             Killed from afar by anfisbena's ghost (19 damage)
             ... with a flame tongue
             ... on level 3 of the Dungeon.
             The game lasted 00:05:42 (2143 turns).

MTVSty1e the Insei (Octopode Transmuter)            Turns: 2143, Time: 00:05:43

Health: -14/36     AC:  2    Str:  9    XL:     5   Next: 12%
Magic:  2/8        EV: 19    Int: 17    God:
Gold:   61         SH:  0    Dex: 17    Spells: 2/8 levels left

rFire    . . .     SeeInvis .     - Unarmed
rCold    + . .     Gourm    .   (shield currently unavailable)
rNeg     . . .     Faith    .   (helmet currently unavailable)
rPois    x         Spirit   .   f - amulet of magic regeneration
rElec    .         Reflect  .   m - ring of protection from cold
rCorr    .         Harm     .   (no ring)
MR       .....                  (no ring)
Stlth    ++........             (no ring)
Regen    0.2/turn               (no ring)
MPRegen  0.2/turn               (no ring)
                                (no ring)
                                (no ring)

@: spider-form, very slightly contaminated
A: almost no armour, stealthy swim, (amphibious), 8 rings, (constrict 8)
a: End Transformation


You were on level 3 of the Dungeon.
You were hungry.
You were a venomous arachnid creature.
You visited 1 branch of the dungeon, and saw 3 of its levels.

You collected 61 gold pieces.

Inventory:

Missiles
 a - 25 arrows
Jewellery
 f - an amulet of magic regeneration (around neck)
 m - a ring of protection from cold (left front leg)
Scrolls
 c - a scroll of enchant weapon
 g - a scroll of noise
 h - 3 scrolls of identify
 k - 2 scrolls of magic mapping
 l - a scroll of blinking
Potions
 d - a potion of might {unknown}
 e - a potion of heal wounds
 o - a potion of brilliance {unknown}
Books
 b - a book of Changes

   Spells                             Type                      Level
   a - Beastly Appendage              Transmutation                1
   b - Sticks to Snakes               Transmutation                2
   c - Spider Form                    Transmutation/Poison         3
   d - Ice Form                       Ice/Transmutation            4
   e - Blade Hands                    Transmutation                5
Comestibles
 i - 9 fruits
 j - a royal jelly
 n - 2 bread rations


   Skills:
 + Level 3.1 Fighting
 - Level 2.0 Dodging
 * Level 4.7 Unarmed Combat
 - Level 2.0 Spellcasting
 - Level 2.0 Transmutations


You had 2 spell levels left.
You knew the following spells:

 Your Spells              Type           Power        Failure   Level  Hunger
a - Beastly Appendage     Tmut           #.....       22%         1    #......
b - Sticks to Snakes      Tmut           #.......     30%         2    ###....
c - Spider Form           Tmut/Pois      #.........   58%         3    ###....


Dungeon Overview and Level Annotations

Branches:
Dungeon (3/15)

Altars:
Ashenzari
Dithmenos
Sif Muna
Uskayaw

Annotations:
D:3 anfisbena's ghost, amateur GrFE


Innate Abilities, Weirdness & Mutations

You cannot wear most types of armour.
You are very stealthy in the water. (Stealth+)
((You are amphibious.))
You can wear up to eight rings at the same time.
((You can use your tentacles to constrict eight enemies at once.))
((Your skin changes colour to match your surroundings (Stealth+).))
((Your rubbery body absorbs attacks. (AC +1, EV +1)))


Message History

Your transformation has ended.
Anfisbena's ghost misses you.
You barely miss anfisbena's ghost. Your squeeze misses anfisbena's ghost.
Anfisbena's ghost is heavily damaged.
Anfisbena's ghost hits you.
You completely miss anfisbena's ghost.
Anfisbena's ghost is heavily damaged.
Anfisbena's ghost casts a spell at you. The flame tongue hits you!
Casting: Spider Form
Confirm with . or Enter, or press ? or * to list all spells.
You turn into a venomous arachnid creature.
Anfisbena's ghost hits you.
* * * LOW HITPOINT WARNING * * *
You closely miss anfisbena's ghost.
Anfisbena's ghost is heavily damaged.
Anfisbena's ghost points at you and mumbles some strange words.
The flame tongue hits you!
Ouch! That really hurt!
You die...

...#####....#..
.%.............
#.#.........#
#...........# #..........#
#..........#.... .<.
#.....†......... #>.
#...†sW...#......##.#
####...%.....#......##.##
#.....#.#.#..............
#.##.....................
.#.................#....
..................#.###.<(
###.......................
#...................(.).
#.#########.....#.##....


You could see anfisbena's ghost.

Vanquished Creatures
  4 adders
  4 worms
  A dart slug (D:3)
  An orc (D:3)
  9 bats
  7 giant cockroaches
  4 goblins
  15 hobgoblins
  7 jackals
  6 kobolds
  8 frilled lizards
  8 rats
74 creatures vanquished.

Notes
Turn   | Place    | Note
-------+----------+-------------------------------------------
     0 | D:1      | MTVSty1e the Octopode Transmuter began the quest for the Orb.
     0 | D:1      | Reached XP level 1. HP: 13/13 MP: 3/3
    94 | D:1      | Reached XP level 2. HP: 5/18 MP: 5/5
   610 | D:1      | Learned a level 2 spell: Sticks to Snakes
   652 | D:1      | Reached XP level 3. HP: 24/24 MP: 6/6
   986 | D:1      | Learned a level 3 spell: Spider Form
  1216 | D:2      | Reached skill level 4 in Unarmed Combat
  1216 | D:2      | Reached XP level 4. HP: 22/30 MP: 7/7
  1521 | D:2      | Found a deep blue altar of Sif Muna.
  1522 | D:2      | Found a shadowy altar of Dithmenos.
  1565 | D:2      | Found a shattered altar of Ashenzari.
  1940 | D:3      | Found a hide-covered altar of Uskayaw.
  2123 | D:3      | Noticed anfisbena's ghost (amateur GrFE)
  2124 | D:3      | Reached XP level 5. HP: 32/36 MP: 8/8
  2143 | D:3      | Killed from afar by anfisbena's ghost

Skill      XL: |  1  2  3  4 |
---------------+-------------+-----
Fighting       | 2 3 |  3.1
Unarmed Combat | 4 |  4.7
Dodging        | |  2.0
Spellcasting   | |  2.0
Transmutations | |  2.0

Action                   |  1- 3 |  4- 6 || total
-------------------------+-------+-------++-------
Melee: Unarmed           |    92 |    98 ||   190
       Constrict         |    28 |    16 ||    44
       Kick              |    15 |    13 ||    28
       Tentacles         |    14 |    10 ||    24
       Punch             |     1 |     1 ||     2
 Cast: Beastly Appendage |    15 |     7 ||    22
       Spider Form       |       |     5 ||     5
  Use: Scroll            |     3 |     4 ||     7
       Potion            |     1 |     1 ||     2
 Stab: Sleeping          |     1 |       ||     1
  Eat: Bread ration      |     1 |       ||     1
Armor: Skin              |     9 |    11 ||    20
Dodge: Dodged            |    74 |   102 ||   176
